 Dungeon Crawl Stone Soup version 0.31-a0-152-g6aa68a64a1 (webtiles) character file.

Game seed: 14133144647772403353

61 qw the Shooter (level 4, -2/39 HPs)
             Began as a Naga Hunter on June 10, 2023.
             Slain by a black bear (5 damage)
             ... on level 3 of the Dungeon.
             The game lasted 00:00:27 (1383 turns).

qw the Shooter (Naga Hunter)                        Turns: 1383, Time: 00:00:28

Health: -2/39      AC:  3    Str: 14    XL:     4   Next: 7%
Magic:  4/4        EV:  9    Int:  9    God:
Gold:   1175       SH:  0    Dex: 16    Spells: 3/3 levels left

rFire   . . .        Y - +0 shortbow
rCold   . . .        (shield currently unavailable)
rNeg    . . .        c - +0 leather armour
rPois   +            e - +0 helmet
rElec   .            (no cloak)
rCorr   .            (no gloves)
SInv    +            (no barding)
Will    .....        (no amulet)
Stlth   ++           (no ring)
HPRegen 0.26/turn    (no ring)
MPRegen 0.09/turn

%: no passive effects
@: short of breath, very slow
A: AC +1, large, see invisible, deformed body, poison resistance, slowness 2,
spit poison 1, naga tail 1
a: Spit Poison


You were on level 3 of the Dungeon.
You visited 1 branch of the dungeon, and saw 3 of its levels.

You collected 1175 gold pieces.


Innate Abilities, Weirdness & Mutations

Your serpentine skin is tough. (AC +1)
You have supernaturally acute eyesight. (SInv)
Armour fits poorly on your strangely shaped body.
Your system is resistant to poisons. (rPois)
You cover ground very slowly.
You can spit poison.
You have a snake-like lower body.


   Skills:
 + Level 2.0 Fighting
 - Level 5.0 Ranged Weapons
 - Level 1.5 Dodging
 - Level 1.5 Stealth


You had 3 spell levels left.
You didn't know any spells.
Your spell library was empty.

Inventory:

Hand Weapons
 Y - a +0 shortbow (weapon)
Armour
 c - a +0 leather armour (worn)
 e - a +0 helmet (worn)
Scrolls
 b - a scroll of identify {unknown}
Potions
 a - a potion of heal wounds {unknown}
 d - a potion of degeneration {unknown}
 f - a potion of brilliance {unknown}
 h - a potion of haste {unknown}

Dungeon Overview and Level Annotations

Branches:
Dungeon (3/15)

Altars:

Shops:
D:2 =


Message History

Press: ? - help, Shift-Dir - straight line, f/p - adder The splash of poison hits the adder.
You kill the adder!
The hobgoblin hits you.
Your Ranged Weapons skill increases to level 5!
You have reached level 4!
You feel stronger.
You shoot an arrow. The arrow closely misses the hobgoblin.
The hobgoblin hits you but does no damage.
You shoot an arrow. The arrow barely misses the hobgoblin.
You have got your breath back.
The hobgoblin hits you. The hobgoblin closely misses you.
The black bear bites you. The black bear claws you.
The black bear barely misses you.
1379 ||| INVOKING Spit Poison.
Aiming: Spit Poison (1% risk of failure)
Press: ? - help, Shift-Dir - straight line, f - black bear, p - hobgoblin The splash of poison hits the black bear.
The black bear is poisoned.
The black bear is lightly wounded.
The black bear bites you. The black bear claws you. x2
The hobgoblin closely misses you.
You shoot an arrow. The arrow hits the black bear.
The black bear is moderately wounded.
The black bear bites you. The black bear barely misses you.
The black bear claws you. The hobgoblin barely misses you.
You shoot an arrow. The arrow hits the black bear.
The black bear is heavily wounded.
The hobgoblin barely misses you. The black bear bites you.
The black bear claws you.
The black bear claws you but does no damage.
You shoot an arrow. The arrow hits the black bear!
The black bear is almost dead.
The hobgoblin hits you but does no damage.
The black bear goes berserk!
You shoot an arrow.
The arrow closely misses the black bear.
The arrow hits the orc.
The orc is heavily wounded.
The black bear barely misses you. The black bear claws you. x2
You die...

##.## ##...## #.#...# .
##.#..# .. ########.#.#
... #......###.# ....
#.####<# #.# .....
#.####.###.######o.....
#...[..........@ho.....
##########..#....g......
.....# #..#.#####.....
#.##.#####..#.# ....
#...........#.# ###
..............#
####.#####.#### #.# #.#
#.# ###.#


You could see a black bear (berserk, poisoned), 2 orcs and a hobgoblin.

Vanquished Creatures
  2 adders
  3 worms (D:2)
  An orc (D:3)
  4 bats
  2 giant cockroaches (D:1)
  7 goblins
  4 hobgoblins
  3 ball pythons (D:1)
  3 frilled lizards
  A kobold (D:1)
  2 rats
32 creatures vanquished.

Notes
Turn   | Place    | Note
-------+----------+-------------------------------------------
     0 | D:1      | qw the Naga Hunter began the quest for the Orb.
     0 | D:1      | Reached XP level 1. HP: 19/19 MP: 1/1
     0 | D:1      | 0 ||| qw: Version: 0.2-a-122-gbc61b45
     0 | D:1      | 0 ||| qw: Game counter: 3486
     0 | D:1      | 0 ||| qw: Always use a shield: true
     0 | D:1      | 0 ||| qw: God list: Okawaru
     0 | D:1      | 0 ||| qw: Allow faded altars: false
     0 | D:1      | 0 ||| qw: Do Orc after D:15 true
     0 | D:1      | 0 ||| qw: Do second Lair branch before Depths: true
     0 | D:1      | 0 ||| qw: Lair rune preference: random
     0 | D:1      | 0 ||| qw: Plans: Normal
     0 | D:1      | 0 ||| PLANNING D:1-11
    47 | D:1      | 47 ||| INVOKING Spit Poison.
   125 | D:1      | 125 ||| INVOKING Spit Poison.
   128 | D:1      | Reached skill level 4 in Ranged Weapons
   128 | D:1      | Reached XP level 2. HP: 26/26 MP: 2/2
   156 | D:1      | 156 ||| INVOKING Spit Poison.
   170 | D:1      | 170 ||| INVOKING Spit Poison.
   173 | D:1      | 173 ||| INVOKING Spit Poison.
   199 | D:1      | 199 ||| INVOKING Spit Poison.
   204 | D:1      | 204 ||| INVOKING Spit Poison.
   324 | D:1      | 324 ||| INVOKING Spit Poison.
   397 | D:1      | 397 ||| INVOKING Spit Poison.
   411 | D:1      | 411 ||| READING scroll labelled QAMIAWNIONK.
   412 | D:1      | 412 ||| READING scroll labelled ZUYTEF XUQY.
   413 | D:1      | 413 ||| DROPPING scroll of butterflies.
   507 | D:2      | 507 ||| INVOKING Spit Poison.
   513 | D:2      | 513 ||| INVOKING Spit Poison.
   527 | D:2      | Found a faded altar of an unknown god.
   568 | D:2      | 568 ||| INVOKING Spit Poison.
   574 | D:2      | 574 ||| INVOKING Spit Poison.
   579 | D:2      | Reached XP level 3. HP: 14/32 MP: 3/3
   660 | D:2      | 660 ||| INVOKING Spit Poison.
   754 | D:2      | 754 ||| INVOKING Spit Poison.
   758 | D:2      | 758 ||| INVOKING Spit Poison.
   761 | D:2      | 761 ||| INVOKING Spit Poison.
   772 | D:2      | 772 ||| INVOKING Spit Poison.
   821 | D:2      | 821 ||| INVOKING Spit Poison.
   827 | D:2      | 827 ||| INVOKING Spit Poison.
   839 | D:2      | 839 ||| INVOKING Spit Poison.
   986 | D:2      | 986 ||| INVOKING Spit Poison.
  1074 | D:2      | Found Paele's Jewellery Shoppe.
  1084 | D:2      | 1084 ||| SHOPLISTING +4 ring of protection (468 gold, have
                  | 143).
  1084 | D:2      | 1084 ||| SHOPLISTING +6 ring of dexterity (468 gold, have
                  | 143).
  1084 | D:2      | 1084 ||| SHOPLISTING ring of fire (325 gold, have 143).
  1084 | D:2      | 1084 ||| SHOPLISTING ring of ice (325 gold, have 143).
  1084 | D:2      | 1084 ||| SHOPLISTING ring of positive energy (260 gold,
                  | have 143).
  1084 | D:2      | 1084 ||| SHOPLISTING ring of resist corrosion (260 gold,
                  | have 143).
  1160 | D:2      | 1160 ||| UPGRADING to +0 helmet.
  1165 | D:2      | 1165 ||| READING scroll labelled VEUZIBLOCOAKK.
  1166 | D:2      | 1166 ||| READING scroll labelled ABEBETZ BATEGE.
  1167 | D:2      | 1167 ||| READING scroll labelled LERUUN JIAKOE.
  1167 | D:2      | Identified a scroll of acquirement
  1167 | D:2      | 1167 ||| ACQUIRING 1032 gold pieces
  1167 | D:2      | Acquired 1032 gold pieces
  1230 | D:3      | 1230 ||| INVOKING Spit Poison.
  1231 | D:3      | 1231 ||| INVOKING Spit Poison.
  1370 | D:3      | 1370 ||| INVOKING Spit Poison.
  1371 | D:3      | Noticed a black bear
  1376 | D:3      | 1376 ||| INVOKING Spit Poison.
  1377 | D:3      | Reached skill level 5 in Ranged Weapons
  1377 | D:3      | Reached XP level 4. HP: 35/39 MP: 4/4
  1379 | D:3      | 1379 ||| INVOKING Spit Poison.
  1381 | D:3      | HP: 9/39 [black bear (3)]
  1383 | D:3      | HP: 3/39 [black bear (3)]
  1383 | D:3      | Slain by a black bear

Levels and vault maps discovered:
D:1:      dpeg_arrival_round_b, layout_rooms
D:2:      layout_loops_ring, serial_shops, nicolae_shop_statue_plus,
          basic_ecumenical_altar, kennysheep_another_room, chequers_mini_garden
D:3:      layout_loops_ring, serial_shops, nicolae_shop_waterfront, shop,
          nicolae_shop_pleasant_corner_grove, nicolae_shop_peninsula,
          nicolae_shop_getting_attention, uniq_grinder

Skill      XL: |  1  2  3 |
---------------+----------+-----
Ranged Weapons | 4 5 |  5.0
Fighting       | |  2.0
Dodging        | |  1.5
Stealth        | |  1.5

Action                     |  1- 3 |  4- 6 || total
---------------------------+-------+-------++-------
   Fire: Shortbow          |    70 |     6 ||    76
Ability: Spit Poison       |    25 |     1 ||    26
    Use: Scroll            |     5 |       ||     5
 Armour: Leather armour    |     6 |     3 ||     9
  Dodge: Dodged            |    10 |     7 ||    17

Table legend:
 A = Non-vault XP
 B = Vault XP
 C = Vault XP percentage of total XP
 D = Non-vault monster count
 E = Vault monster count
 F = Vault count percentage of total count
                 A         B        C        D         E       F
            +---------+---------+-------+---------+---------+-------
      Total |      88 |       0 |   0.0 |      32 |       0 |   0.0
            +---------+---------+-------+---------+---------+-------
        D:1 |      26 |       0 |   0.0 |      16 |       0 |   0.0
        D:2 |      43 |       0 |   0.0 |      12 |       0 |   0.0
        D:3 |      19 |       0 |   0.0 |       4 |       0 |   0.0
            +---------+---------+-------+---------+---------+-------
